 Dungeon Crawl Stone Soup version 0.29.1-15-g9cfb28693d (webtiles) character file.

Game seed: 5292318978523690592

2433 Renzlar the Blocker (level 9, -1/74 HPs)
             Began as a Gnoll Fighter on Feb 28, 2023.
             Was a Follower of Okawaru.
             Succumbed to Amaemon's poison
             ... on level 8 of the Dungeon.
             The game lasted 00:27:48 (7955 turns).

Renzlar the Blocker (Gnoll Fighter)                 Turns: 7955, Time: 00:27:49

Health: -1/74      AC: 20    Str: 20    XL:     9   Next: 48%
Magic:  3/15       EV: 15    Int: 11    God:    Okawaru [*.....]
Gold:   349        SH:  8    Dex: 14    Spells: 13/16 levels left

rFire   . . .      SeeInvis .   b - +3 long sword
rCold   . . .      Faith    .   c - +1 buckler
rNeg    . . .      Spirit   +   A - +4 ring mail "Leyfid" {Regen+ Int+4}
rPois   .          Reflect  .   r - +2 helmet
rElec   .          Harm     .   n - +2 cloak {Stlth+}
rCorr   .          Rampage  .   v - +0 pair of gloves
Will    .....                   (no boots)
Stlth   +++++.....              j - amulet of Heicses {Spirit Str+2}
HPRegen 1.02/turn               (no ring)
MPRegen 0.14/turn               (no ring)

@: mighty, lethally poisoned (-1 -> -9), heroic
A: fangs 1, strong nose, distributed training
a: Renounce Religion, Heroism


You were on level 8 of the Dungeon.
You worshipped Okawaru.
Okawaru was aware of your devotion.
You visited 2 branches of the dungeon, and saw 9 of its levels.
You also visited: Sewer.

You collected 349 gold pieces.

Inventory:

Hand Weapons
 a - a +0 war axe
 b - a +3 long sword (weapon)
 d - the +5 short sword of Bodily Harmony {speed, rElec Int+4}
   (You found it on level 4 of the Dungeon)

   Attacks with this weapon are significantly faster.
   Int:       It affects your intelligence (+4).
   rElec:     It insulates you from electricity.
 i - a +2 whip of electrocution
Missiles
 e - 2 boomerangs
 w - 6 poisoned darts
Armour
 c - a +1 buckler (worn)
 f - a scarf of invisibility
 n - a +2 cloak of stealth (worn)
 p - the +2 chain mail of Absolutism {Fly rElec Int+4}
   (You found it on level 2 of the Dungeon)

   Int:       It affects your intelligence (+4).
   rElec:     It insulates you from electricity.
   Fly:       It grants you flight.
 r - a +2 helmet (worn)
 v - a +0 pair of gloves (worn)
 A - the +4 ring mail "Leyfid" (worn) {Regen+ Int+4}
   (You found it on level 5 of the Dungeon)

   Int:       It affects your intelligence (+4).
   Regen:     It increases your rate of health regeneration.
Jewellery
 h - a ring of magical power
 j - the amulet of Heicses (around neck) {Spirit Str+2}
   (You acquired it on level 1 of the Dungeon)

   [amulet of guardian spirit]

   It causes incoming damage to be divided between your reserves of health and
   magic.
   Str:       It affects your strength (+2).
 B - a ring of flight
Wands
 o - a wand of roots (9)
 u - a wand of acid (13) (quivered)
Scrolls
 s - a scroll of fear
 x - a scroll of blinking
Potions
 g - 2 potions of flight
 k - 3 potions of curing
 l - 3 potions of brilliance {unknown}
 m - a potion of invisibility {unknown}
 q - 3 potions of magic {unknown}
 t - a potion of ambrosia {unknown}
 y - a potion of might
 z - 3 potions of haste {unknown}
 C - 4 potions of mutation {unknown}
 D - 2 potions of degeneration {unknown}
 E - a potion of lignification {unknown}
 F - a potion of heal wounds
 G - a potion of cancellation {unknown}


   Skills:
 + Level 8.0(13.0) Fighting
 + Level 4.4(9.4) Short Blades
 + Level 4.4(9.4) Long Blades
 + Level 6.5(11.5) Axes
 + Level 4.4(9.4) Maces & Flails
 + Level 4.4(9.4) Polearms
 + Level 4.4(9.4) Staves
 + Level 4.4(9.4) Ranged Weapons
 + Level 4.4(9.4) Throwing
 + Level 8.0(13.0) Armour
 + Level 4.4(9.4) Dodging
 + Level 4.4(9.4) Stealth
 + Level 8.0(13.0) Shields
 + Level 4.4(9.4) Unarmed Combat
 + Level 4.4 Spellcasting
 + Level 3.7 Conjurations
 + Level 3.7 Hexes
 + Level 3.7 Summonings
 + Level 3.7 Necromancy
 + Level 3.7 Translocations
 + Level 3.7 Transmutations
 + Level 3.7 Fire Magic
 + Level 3.7 Ice Magic
 + Level 3.7 Air Magic
 + Level 3.7 Earth Magic
 + Level 3.7 Poison Magic
 + Level 4.9 Invocations
 + Level 4.4 Evocations


You had 13 spell levels left.
You knew the following spells:

 Your Spells              Type           Power      Damage    Failure   Level
a - Ignite Poison         Fire/Tmut/Pois 10%        N/A       26%         3

Your spell library contained the following spells:

 Spells                   Type           Power      Damage    Failure   Level
 Sting                    Tmut/Pois      40%        1d5       9%          1
 Blink                    Tloc           20%        N/A       13%         2
 Poisonous Vapours        Pois/Air       20%        N/A       13%         2
 Conjure Flame            Conj/Fire      10%        6-21      26%         3
 Olgreb's Toxic Radiance  Pois           10%        N/A       65%         4
 Sticky Flame             Conj/Fire      10%        2d3       65%         4
 Manifold Assault         Tloc           10%        N/A       94%         5
 Conjure Ball Lightning   Conj/Air       5%         3x3d6     100%        6
 Storm Form               Tmut/Air       5%         N/A       100%        7
 Discord                  Hex            5%         N/A       100%        8
 Disjunction              Tloc           5%         N/A       100%        8


Dungeon Overview and Level Annotations

Branches:
Dungeon (8/15)             Temple (1/1) D:6           Sewer (visited)
   Lair: D:8-11

Altars:
Ashenzari
Cheibriados
Dithmenos
Elyvilon
Gozag
Hepliaklqana
Kikubaaqudgha
Makhleb
Nemelex Xobeh
Okawaru
Ru
Sif Muna
Trog
Uskayaw
Vehumet
Wu Jian
Xom
Yredelemnul
Zin
The Shining One

Shops:
D:1 ?

Annotations:
D:8 Amaemon


Innate Abilities, Weirdness & Mutations

You have very sharp teeth.
Your uncanny sense of smell can sniff out nearby items.
Your experience applies equally to all skills.


Message History

Amaemon is severely wounded.
You feel very sick.
Amaemon gestures wildly while chanting.
Something barely misses you.
The sky beast flickers out of sight!
You block the orange demon's attack.
Unknown command.
You slash Amaemon! You bite Amaemon!
Amaemon is almost dead.
You feel very sick. Something hits you but does no damage.
Amaemon hits you with a -1 demon whip of venom!
* * * LOW HITPOINT WARNING * * *
You are lethally poisoned!
Amaemon claws you.
* * * LOW HITPOINT WARNING * * *
You block Amaemon's attack. You block the orange demon's attack.
Unknown command.
Unknown command.
You barely miss Amaemon.
Amaemon is almost dead.
* * * LOW HITPOINT WARNING * * *
You feel very sick. You block the scorpion's attack.
Something barely misses you.
A sky beast appears from thin air!
Reactivating autopickup.
You block Amaemon's attack. x2; Amaemon misses you.
The orange demon stings you but does no damage.
Unknown command.
You slash Amaemon! Your bite misses Amaemon.
Amaemon is almost dead.
* * * LOW HITPOINT WARNING * * *
You feel very sick. You block the scorpion's attack.
Something hits you but does no damage.
Deactivating autopickup; reactivate with Ctrl-A.
You block Amaemon's attack. Amaemon misses you. Amaemon closely misses you.
The orange demon stings you from afar.
Unknown command.
You closely miss Amaemon.
Amaemon is almost dead.
You die...

### 6...4 #####
##########.#.....# #...#
##..##..#.........#
###.###..###.........#..#
# ##..).....#...###..## #
#..##.......#..# ..#
###.####....####s##..##.
##.># ##...####6{4Y....
[..## ##.>...s@##..###
###.# #..........## #.##
##..#####...# ∆
##.####..## ...#
#..#...## ..## #.......##
#.. # #..####..####..#..
####.## ##.....# #.#
....## ##....## #.


You could see Amaemon, an orange demon, a sky beast and 2 scorpions.

Vanquished Creatures
  A troll (D:8)
  2 steam dragons (D:7)
  An acid dragon (D:8)
  A sky beast (D:8)
  Pargi (Sewer)
  2 ice beasts
  2 black bears
  An ogre (D:4)
  A kobold brigand (D:4)
  2 scorpions
  2 necrophages
  8 wights
  A jelly (D:6)
  2 hounds
  Crazy Yiuf (D:6)
  3 iguanas (D:5)
  Ijyb (D:3)
  Robin (D:3)
  7 gnolls
  7 adders
  2 white imps
  2 ufetubi
  2 worms (D:2)
  2 dart slugs (D:2)
  12 orcs
  3 endoplasms (D:1)
  5 giant cockroaches
  15 goblins
  16 hobgoblins
  7 jackals
  7 kobolds
  2 quokkas
  10 ball pythons
  6 bats
  4 frilled lizards
  A rat (D:3)
143 creatures vanquished.

Vanquished Creatures (others)
  9 plants (D:4)
9 creatures vanquished.

Grand Total: 152 creatures vanquished

Notes
Turn   | Place    | Note
-------+----------+-------------------------------------------
     0 | D:1      | Renzlar the Gnoll Fighter began the quest for the Orb.
     0 | D:1      | Reached XP level 1. HP: 23/23 MP: 1/1
   356 | D:1      | Reached XP level 2. HP: 29/29 MP: 2/2
   527 | D:1      | Found Ycukhleum's Magic Scroll Shop.
   547 | D:1      | Identified a scroll of acquirement
   547 | D:1      | Acquired the amulet of Heicses {Spirit Str+2}
  1118 | D:2      | Reached XP level 3. HP: 33/35 MP: 3/3
  1350 | D:2      | Found a shimmering altar of Xom.
  1461 | D:2      | Reached skill level 1 in Invocations
  1662 | D:2      | Reached skill level 1 in Short Blades
  1662 | D:2      | Reached skill level 1 in Long Blades
  1662 | D:2      | Reached skill level 1 in Maces & Flails
  1662 | D:2      | Reached skill level 1 in Polearms
  1662 | D:2      | Reached skill level 1 in Staves
  1662 | D:2      | Reached skill level 1 in Ranged Weapons
  1662 | D:2      | Reached skill level 1 in Throwing
  1662 | D:2      | Reached skill level 1 in Dodging
  1662 | D:2      | Reached skill level 1 in Stealth
  1662 | D:2      | Reached skill level 1 in Unarmed Combat
  1662 | D:2      | Reached skill level 1 in Spellcasting
  1662 | D:2      | Reached skill level 1 in Evocations
  1681 | D:2      | Reached XP level 4. HP: 41/41 MP: 5/5
  1702 | D:2      | Reached skill level 1 in Conjurations
  1702 | D:2      | Reached skill level 1 in Hexes
  1702 | D:2      | Reached skill level 1 in Summonings
  1702 | D:2      | Reached skill level 1 in Necromancy
  1702 | D:2      | Reached skill level 1 in Translocations
  1702 | D:2      | Reached skill level 1 in Transmutations
  1702 | D:2      | Reached skill level 1 in Fire Magic
  1702 | D:2      | Reached skill level 1 in Ice Magic
  1702 | D:2      | Reached skill level 1 in Air Magic
  1702 | D:2      | Reached skill level 1 in Earth Magic
  1702 | D:2      | Reached skill level 1 in Poison Magic
  1846 | D:2      | Identified the +2 chain mail of Absolutism {Fly rElec
                  | Int+4}
  2294 | D:3      | Reached XP level 5. HP: 33/47 MP: 4/7
  2410 | D:3      | Found a glowing drain.
  2458 | Sewer    | Entered a sewer
  2514 | Sewer    | Noticed Pargi
  2534 | Sewer    | Killed Pargi
  2535 | Sewer    | Reached skill level 5 in Axes
  2535 | Sewer    | Reached XP level 6. HP: 28/53 MP: 3/9
  2901 | D:3      | Noticed Robin
  2931 | D:3      | Killed Robin
  3077 | D:3      | Found a faded altar of an unknown god.
  3213 | D:3      | Found a glowing silver altar of Zin.
  3226 | D:3      | Noticed Ijyb
  3242 | D:3      | Killed Ijyb
  3713 | D:4      | Reached XP level 7. HP: 58/60 MP: 8/10
  4602 | D:4      | Identified the +5 short sword of Bodily Harmony {speed,
                  | rElec Int+4}
  4891 | D:4      | Found an ornate altar of the Wu Jian Council.
  4994 | D:5      | Entered Level 5 of the Dungeon
  5160 | D:5      | Reached XP level 8. HP: 54/67 MP: 10/12
  5319 | D:5      | Identified the +4 ring mail "Leyfid" {Regen+ Int+4}
  5473 | D:5      | Found a bloodstained altar of Trog.
  6074 | D:6      | Found a staircase to the Ecumenical Temple.
  6082 | Temple   | Entered the Ecumenical Temple
  6158 | Temple   | Became a worshipper of Warmaster Okawaru
  6652 | D:6      | Found a runed translucent door.
  6653 | D:6      | Noticed Crazy Yiuf
  6661 | D:6      | Killed Crazy Yiuf
  6985 | D:7      | Learned a level 3 spell: Ignite Poison
  7050 | D:7      | Reached XP level 9. HP: 65/67 MP: 11/14
  7192 | D:7      | Found a burning altar of Makhleb.
  7688 | D:8      | Noticed a troll
  7689 | D:8      | Reached * piety under Okawaru
  7696 | D:8      | Killed a troll
  7922 | D:8      | Noticed Amaemon
  7922 | D:8      | Noticed an orange demon
  7954 | D:8      | HP: 1/74 [poisoned by Amaemon]
  7955 | D:8      | Succumbed to Amaemon's poison

Illustrated notes

Levels and vault maps discovered:
D:1:      minmay_arrival_shoal_huts, layout_loops_corners, serial_shops,
          shop_fountains
D:2:      layout_basic, basic_altar
D:3:      layout_loops_cross, zin_academy, gup_sewer_entry_glass,
          nicolae_ecumenical_oubliette, uniq_robin, uniq_ijyb
D:4:      layout_loops_ring, nicolae_wu_jian_immortal_techniques,
          chequers_serial_rivers_large_b, serial_bayou_pond_c
D:5:      layout_basic, marbit_many_paths
D:6:      layout_basic, minmay_temple_entry_trees, minmay_misc_feat_columns,
          uniq_crazy_yiuf_cottage
D:7:      layout_basic, mainiacjoe_overflow_24_doors,
          chequers_serial_rivers_micro_a
D:8:      layout_layer_cave, mainiacjoe_overflow_brackets,
          minmay_misc_feat_alley, uniq_amaemon
Temple:   compressed_dpeg_triangle_lava_temple

Skill      XL: |  1  2  3  4  5  6  7  8  9 |
---------------+----------------------------+-----
Invocations    | 1 2 3 4 |  4.9
Short Blades   | 1 2 3 4 |  4.4
Long Blades    | 1 2 3 4 |  4.4
Maces & Flails | 1 2 3 4 |  4.4
Polearms       | 1 2 3 4 |  4.4
Staves         | 1 2 3 4 |  4.4
Ranged Weapons | 1 2 3 4 |  4.4
Throwing       | 1 2 3 4 |  4.4
Dodging        | 1 2 3 4 |  4.4
Stealth        | 1 2 3 4 |  4.4
Unarmed Combat | 1 2 3 4 |  4.4
Spellcasting   | 1 2 3 4 |  4.4
Evocations     | 1 2 3 4 |  4.4
Conjurations   | 1 2 3 |  3.7
Hexes          | 1 2 3 |  3.7
Summonings     | 1 2 3 |  3.7
Necromancy     | 1 2 3 |  3.7
Translocations | 1 2 3 |  3.7
Transmutations | 1 2 3 |  3.7
Fire Magic     | 1 2 3 |  3.7
Ice Magic      | 1 2 3 |  3.7
Air Magic      | 1 2 3 |  3.7
Earth Magic    | 1 2 3 |  3.7
Poison Magic   | 1 2 3 |  3.7
Axes           | 5 6 |  6.5
Fighting       | 7 8 |  8.0
Armour         | 7 8 |  8.0
Shields        | 7 8 |  8.0

Action                   |  1- 3 |  4- 6 |  7- 9 || total
-------------------------+-------+-------+-------++-------
Melee: War axe           |    91 |   226 |   140 ||   457
       Bite              |    10 |    27 |    42 ||    79
       Whip              |     5 |       |       ||     5
       Short sword       |       |       |    64 ||    64
       Long sword        |       |       |    92 ||    92
Throw: Boomerang         |       |     1 |     2 ||     3
Invok: Heroism           |       |       |     2 ||     2
Evoke: Wand              |       |       |     2 ||     2
  Use: Scroll            |     3 |     6 |     4 ||    13
       Potion            |       |     1 |     2 ||     3
 Stab: Sleeping          |       |       |     6 ||     6
Armor: Scale mail        |    42 |     5 |       ||    47
       Chain mail        |       |   153 |    48 ||   201
       Ring mail         |       |       |    90 ||    90
Dodge: Dodged            |    40 |    92 |   114 ||   246
Block: Buckler           |    32 |    80 |    84 ||   196
